 Dungeon Crawl Stone Soup version 0.17-a0-1945-gfe993df (webtiles) character file.

3341 KambridgeKobold the Slasher (level 9, -2/69 HPs)
             Began as a Demonspawn Gladiator on Sept 30, 2015.
             Was a Priest of Okawaru.
             Shot with a sling bullet by Joseph (5 damage)
             ... on level 8 of the Dungeon.
             The game lasted 00:27:11 (9993 turns).

KambridgeKobold the Slasher (Demonspawn Gladiator)  Turns: 9993, Time: 00:27:11

Health: -2/69      AC: 15    Str: 19    XL:     9   Next: 72%
Magic:  0/13       EV: 10    Int: 10    God:    Okawaru [***...]
Gold:   281        SH:  0    Dex: 16    Spells: 2 memorised, 8 levels left

rFire  . . .     SeeInvis .     L - +2 scimitar
rCold  . . .     Clarity  +     b - +0 chain mail
rNeg   . . .     SustAt   +     (no shield)
rPois  .         Gourm    .     (helmet restricted)
rElec  .         Spirit   +     (no cloak)
rCorr  .         Warding  .     (no gloves)
rMut   .         Stasis   .     (no boots)
MR     .....                    v - amulet of clarity
Stlth  ..........               G - ring of sustain attributes
                                D - +3 ring of strength

@: invisible, not resistant to hostile enchantments, extremely unstealthy
A: antennae 2, iridescent scales 1, demonic guardian 1, high mp 1, sense
surroundings 1, shaggy fur 1, magic shield, magic regeneration
a: Heroism, Renounce Religion


You were on level 8 of the Dungeon.
You worshipped Okawaru.
Okawaru was most pleased with you.
You were hungry.

You visited 2 branches of the dungeon, and saw 9 of its levels.

You collected 281 gold pieces.

Inventory:

Hand weapons
 a - a +0 long sword
 j - a +0 long sword of draining
 L - a +2 scimitar (weapon)
Missiles
 d - 3 throwing nets
 s - 26 tomahawks (quivered)
Armour
 b - a +0 chain mail (worn)
 x - a +0 ring mail
 E - a +0 plate armour
Jewellery
 v - an amulet of clarity (around neck)
 D - a +3 ring of strength (left hand)
 G - a ring of sustain attributes (right hand)
Magical devices
 k - a wand of slowing (42)
 u - a wand of slowing (19)
Scrolls
 f - 2 scrolls of fog {unknown}
 g - 5 scrolls of remove curse
 h - a scroll of noise {unknown}
 q - 2 scrolls of teleportation
 t - a scroll of random uselessness {unknown}
 y - 2 scrolls of immolation {unknown}
 A - a scroll of enchant weapon {unknown}
 F - a scroll of fear {unknown}
 M - a scroll of magic mapping {unknown}
 N - a scroll of blinking {unknown}
 O - a scroll of recharging {unknown}
Potions
 c - a potion of lignification {unknown}
 i - 4 potions of curing
 l - 2 potions of mutation
 m - 2 potions of flight
 n - 2 potions of agility
 p - a potion of experience {unknown}
 r - a potion of heal wounds {unknown}
 w - a potion of cancellation
 z - a potion of brilliance {unknown}
 B - 2 potions of invisibility
 H - a potion of might {unknown}
Books
 J - a book of Cantrips

   Spells                             Type                      Level
   a - Corona                         Hexes                        1
   b - Animate Skeleton               Necromancy                   1
   c - Summon Small Mammal            Summoning                    1
   d - Apportation                    Translocation                1
 K - a book of the Warp

   Spells                             Type                      Level
   a - Recall                         Summoning/Translocation      3
   b - Gell's Gravitas                Hexes/Translocation          3
   c - Force Lance                    Conjuration/Translocation    4
   d - Phase Shift                    Translocation                5
   e - Warp Weapon                    Charms/Translocation         5
   f - Summon Forest                  Summoning/Translocation      5
Comestibles
 e - 5 bread rations
 o - 2 beef jerkies
 C - a meat ration
 I - 5 fruits


   Skills:
 + Level 6.1 Fighting
 + Level 7.8 Long Blades
 - Level 1.7 Throwing
 + Level 6.1 Armour
 - Level 4.5 Dodging
 - Level 1.0 Spellcasting
 - Level 3.4 Invocations
 - Level 4.2 Evocations


You had 8 spell levels left.
You knew the following spells:

 Your Spells              Type           Power        Failure   Level  Hunger
a - Apportation           Tloc           #.........   100%        1    ##.....
b - Corona                Hex            #......      100%        1    ##.....


Dungeon Overview and Level Annotations

Branches:
Dungeon (8/15)             Temple (1/1) D:4
   Lair: D:8-11

Altars:
Ashenzari
Cheibriados
Dithmenos
Elyvilon
Fedhas
Gozag
Kikubaaqudgha
Makhleb
Nemelex Xobeh
Okawaru
Qazlal
Ru
Sif Muna
Trog
Vehumet
Xom
Zin
The Shining One
Jiyva

Annotations:
D:8 Joseph


Innate Abilities, Weirdness & Mutations

You have a pair of antennae on your head.
You are partially covered in iridescent scales (AC +4).
A weak demonic guardian rushes to your aid.
When hurt, damage is shared between your health and your magic reserves.
You regenerate magic rapidly.
You have an increased reservoir of magic (+10% MP).
You passively map a small area around you.
You are covered in fur (AC +1).


Message History

Your crimson imp blinks!
Joseph unwields an uncursed quarterstaff of crushing.
Joseph wields an uncursed hunting sling of flaming.
It bursts into flame!
Joseph shoots a sling bullet.
The sling bullet barely misses you.
Throwing (i - inventory. (,) - cycle):
s - 27 tomahawks (quivered)
Press: ? - help, Shift-Dir - straight line, f - Joseph
Aim: Joseph, wielding a hunting sling of flaming and wearing a leather armour (moderately wounded)
You throw a tomahawk. The tomahawk hits Joseph.
Joseph is moderately wounded.
Joseph shoots a sling bullet.
The sling bullet hits you!
* * * LOW HITPOINT WARNING * * *
The sling bullet burns you.
* * * LOW HITPOINT WARNING * * *
Unknown command.
Drink which item? (? for menu, Esc to quit)
It was a potion of invisibility.
You fade into invisibility!
Joseph shoots a sling bullet.
The sling bullet hits you.
You die...

#..........# #
#..........# #
, ###........#
### , *
#........##
#.. ,
.###.........#
#####.# ,,
......5o@{...+
....... , ,
...###.#....#
#..... ....
#.#....# ,
#..... ...,
#@#(...#
*#..... ,
#.#...o#
#..... *
#.#....#
#..... , ,,,
..#...(#
###...
,..#...... *
##.#
...##......
#.# *##.#
....... #.# *
*#.# ..@..##
#.# * * #.#


You could see Joseph, an orc priest and a friendly crimson imp.

Vanquished Creatures
  Sigmund (D:4)
  A wyvern (D:8)
  A sky beast (D:5)
  A water moccasin (D:6)
  Duvessa (D:7)
  3 ice beasts
  2 orc warriors
  A phantom (D:6)
  3 ogres
  A necrophage (D:5)
  A centaur (D:7)
  A giant frog (D:7)
  A big kobold (D:7)
  Dowan (D:7)
  2 wights (D:7)
  3 crimson imps
  A giant frog zombie (D:7)
  A centaur zombie (D:5)
  5 jellies
  3 hounds (D:7)
  Ijyb (D:2)
  4 orc priests
  8 orc wizards
  6 worker ants
  Jessica (D:2)
  An iguana (D:5)
  A worker ant zombie (D:6)
  8 adders
  3 gnolls (D:4)
  2 shadow imps
  An ooze (D:7)
  An adder skeleton (D:4)
  2 worms
  5 giant geckos
  34 orcs
  A ball python (D:5)
  7 giant cockroaches
  6 goblins
  14 hobgoblins
  14 kobolds
  5 quokkas
  5 bats
  9 giant newts
  21 jackals
  10 rats
204 creatures vanquished.

Vanquished Creatures (collateral kills)
  Menkaure (D:4)
  A phantom (D:4)
  A jelly (D:7)
  3 wights (D:7)
  An orc wizard (D:5)
  A giant frog skeleton (D:7)
  2 adders
  2 orcs
  A jackal (D:5)
13 creatures vanquished.

Grand Total: 217 creatures vanquished

Notes
Turn   | Place    | Note
--------------------------------------------------------------
     0 | D:1      | KambridgeKobold the Demonspawn Gladiator began the quest for the Orb.
     0 | D:1      | Reached XP level 1. HP: 16/16 MP: 1/1
   188 | D:1      | Reached skill level 3 in Dodging
   188 | D:1      | Gained mutation: You are partially covered in iridescent scales (AC +4). [demonic ancestry]
   188 | D:1      | Reached XP level 2. HP: 9/22 MP: 2/2
  1146 | D:1      | Reached XP level 3. HP: 28/28 MP: 3/3
  1879 | D:2      | Noticed Jessica
  1884 | D:2      | Killed Jessica
  1884 | D:2      | Reached XP level 4. HP: 32/34 MP: 4/4
  2077 | D:2      | Found a glowing golden altar of the Shining One.
  2494 | D:2      | Noticed Ijyb
  2507 | D:2      | Killed Ijyb
  2590 | D:2      | Gained mutation: A weak demonic guardian rushes to your aid. [demonic ancestry]
  2590 | D:2      | Reached XP level 5. HP: 15/41 MP: 5/5
  3237 | D:3      | Reached skill level 4 in Dodging
  3314 | D:3      | Found a shadowy altar of Dithmenos.
  3880 | D:4      | Found a stormy altar of Qazlal.
  3880 | D:4      | Noticed Sigmund
  3880 | D:4      | Noticed an ogre
  3892 | D:4      | Killed Sigmund
  3892 | D:4      | Gained mutation: You have a pair of small antennae on your head. [demonic ancestry]
  3892 | D:4      | Reached XP level 6. HP: 37/47 MP: 5/7
  3898 | D:4      | Killed an ogre
  3902 | D:4      | Found a blossoming altar of Fedhas.
  3905 | D:4      | Found a staircase to the Ecumenical Temple.
  4150 | Temple   | Entered the Ecumenical Temple
  4244 | Temple   | Became a worshipper of Warmaster Okawaru
  4666 | D:4      | Noticed Menkaure
  4684 | D:4      | Gained mutation: You have an increased reservoir of magic (+10% MP). [potion of mutation]
  4684 | D:4      | Gained mutation: You passively map a small area around you. [potion of mutation]
  4684 | D:4      | Gained mutation: You are covered in fur (AC +1). [potion of mutation]
  4688 | D:4      | Killed Menkaure
  4688 | D:4      | Reached skill level 1 in Armour
  4688 | D:4      | Gained mutation: When hurt, damage is shared between your health and your magic reserves. [demonic ancestry]
  4688 | D:4      | Reached XP level 7. HP: 19/52 MP: 8/10
  4983 | D:4      | Found a shadowy altar of Dithmenos.
  5283 | D:5      | Entered Level 5 of the Dungeon
  5345 | D:4      | Acquired Okawaru's first power
  5345 | D:4      | Reached skill level 5 in Long Blades
  5899 | D:5      | Reached skill level 1 in Invocations
  5949 | D:5      | Reached skill level 1 in Spellcasting
  5949 | D:5      | Gained mutation: You regenerate magic rapidly. [demonic ancestry]
  5949 | D:5      | Reached XP level 8. HP: 54/58 MP: 10/12
  6456 | D:5      | Found a burning altar of Makhleb.
  6613 | D:6      | Reached skill level 6 in Long Blades
  6630 | D:6      | HP: 2/58 [shadow imp/nerve-wracking pain (6)]
  7676 | D:6      | Learned a level 1 spell: Apportation
  7678 | D:6      | Learned a level 1 spell: Corona
  7784 | D:6      | Gained mutation: You have a pair of antennae on your head. [demonic ancestry]
  7784 | D:6      | Reached XP level 9. HP: 22/66 MP: 6/13
  8341 | D:7      | Reached skill level 7 in Long Blades
  8344 | D:7      | Reached skill level 5 in Armour
  8366 | D:7      | Reached skill level 5 in Fighting
  8682 | D:7      | Noticed Duvessa
  8686 | D:7      | Noticed Dowan
  9017 | D:7      | Killed Duvessa
  9032 | D:7      | Killed Dowan
  9326 | D:7      | Found a viscous altar of Jiyva.
  9529 | D:7      | Found a white marble altar of Elyvilon.
  9957 | D:8      | Noticed Joseph
  9992 | D:8      | HP: 3/69 [Joseph/sling bullet (2)]
  9993 | D:8      | Shot with a sling bullet by Joseph

Vault maps used:
D:1:      tarquinn_simple_flora_water_f
D:2:      kennysheep_six_static_rooms, lemuel_round_altar, uniq_iyjb,
          uniq_jessica
D:3:      overflow_temple_1_default, first_bread
D:4:      grunt_temple_overflow_forces_of_nature, minmay_temple_entry_glass,
          grunt_dithmenos_smoke, uniq_sigmund, uniq_menkaure
D:5:      lemuel_coloured_pillars_altar
D:7:      kennysheep_little_box, jiyva_altar_1, uniq_duvessa
D:8:      the_bakery, minmay_misc_feat_rugged, uniq_joseph
Temple:   zaba_magenta_temple_12

Action                   |  1- 3 |  4- 6 |  7- 9 || total
-------------------------+-------+-------+-------++-------
Melee: Long sword        |   126 |   197 |   524 ||   847
       Scimitar          |       |       |    38 ||    38
Throw: Throwing net      |       |     3 |     1 ||     4
       Tomahawk          |       |       |    10 ||    10
Invok: Heroism           |       |       |     1 ||     1
  Use: Potion            |       |     2 |     4 ||     6
       Scroll            |       |       |     6 ||     6
 Stab: Sleeping          |     2 |       |       ||     2
       Distracted        |       |       |     3 ||     3
  Eat: Chunk             |     3 |     9 |    16 ||    28
       Beef jerky        |       |       |     1 ||     1
